 Dungeon Crawl Stone Soup version 0.29.0-15-g675c0067aa (webtiles) character file.

Game seed: 845979174845827558

3617 qw the Cleaver (level 10, -14/60 HPs)
             Began as a Gargoyle Fighter on Sept 12, 2022.
             Was a Priest of Okawaru.
             Demolished by a two-headed ogre
             ... wielding a +0 giant club
              (16 damage)
             ... on level 8 of the Dungeon.
             The game lasted 00:02:23 (7137 turns).

qw the Cleaver (Gargoyle Fighter)                   Turns: 7137, Time: 00:02:24

Health: -14/60     AC: 24    Str: 23    XL:     10   Next: 11%
Magic:  13/13      EV:  8    Int:  8    God:    Okawaru [***...]
Gold:   454        SH:  6    Dex:  9    Spells: 9/9 levels left

rFire   + . .      SeeInvis .   Y - +1 war axe
rCold   + . .      Faith    .   c - +0 buckler
rNeg    + . .      Spirit   .   u - +0 plate armour
rPois   inf        Reflect  .   a - +0 helmet
rElec   +          Harm     .   (no cloak)
rCorr   .          Rampage  .   (no gloves)
Will    +....                   (no boots)
Stlth   ..........              o - amulet of regeneration
HPRegen 1.00/turn               i - ring of willpower
MPRegen 0.13/turn               (no ring)

@: about to teleport, heroic, flying
A: sickness immunity, AC +7, negative energy resistance 1, electricity
resistance, torment resistance 1, petrification resistance, big wings, cold
resistance 1, fire resistance 1, weak 1
a: Renounce Religion, Heroism


You were on level 8 of the Dungeon.
You worshipped Okawaru.
Okawaru was most pleased with you.
You visited 2 branches of the dungeon, and saw 9 of its levels.

You collected 454 gold pieces.


Innate Abilities, Weirdness & Mutations

You are immune to sickness and miasma.
Your stone body is resilient. (AC +7)
You are immune to poison.
You resist negative energy. (rN+)
You are resistant to electric shocks. (rElec)
You are resistant to unholy torment.
You are immune to petrification.
Your large and strong wings let you fly.
Your flesh is cold resistant. (rC+)
Your flesh is heat resistant. (rF+)
You are weak. (Str -2)


   Skills:
 + Level 6.1(11.1) Fighting
 - Level 9.9(14.9) Axes
 - Level 2.1(7.1) Throwing
 - Level 7.0(12.0) Armour
 - Level 1.3(6.3) Dodging
 - Level 4.3(9.3) Shields
 - Level 4.0 Invocations


You had 9 spell levels left.
You didn't know any spells.
Your spell library was empty.

Inventory:

Hand Weapons
 e - a +0 flail
 Y - a +1 war axe (weapon)
Missiles
 r - 4 boomerangs (quivered)
Armour
 a - a +0 helmet (worn)
 c - a +0 buckler (worn)
 j - the +1 helmet "Baitz" {Harm +Blink Int+4 Dex+2}
   (You found it on level 5 of the Dungeon)

   Int:       It affects your intelligence (+4).
   Dex:       It affects your dexterity (+2).
   +Blink:    It lets you blink.
   Harm:      It increases damage dealt and taken.
 u - a +0 plate armour (worn)
Jewellery
 f - a ring of fire
 i - a ring of willpower (left hand)
 o - an amulet of regeneration (around neck)
Scrolls
 g - a scroll of enchant armour {unknown}
 h - a scroll of identify
 n - 2 scrolls of teleportation
 v - a scroll of magic mapping {unknown}
Potions
 b - a potion of attraction
 d - 2 potions of might
 k - 3 potions of resistance
 l - 4 potions of haste
 p - 2 potions of mutation
 q - 2 potions of curing
 s - a potion of cancellation

Dungeon Overview and Level Annotations

Branches:
Dungeon (8/15)             Temple (1/1) D:4
   Lair: D:8-11

Altars:
Ashenzari
Cheibriados
Dithmenos
Elyvilon
Fedhas
Gozag
Hepliaklqana
Kikubaaqudgha
Makhleb
Nemelex Xobeh
Okawaru
Qazlal
Ru
Sif Muna
Trog
Uskayaw
Vehumet
Wu Jian
Xom
Yredelemnul
Zin
The Shining One


Message History

You hit the two-headed ogre.
The howler monkey hits you but does no damage.
The two-headed ogre barely misses you.
The two-headed ogre hits you with a +0 giant club!
The moth of wrath goads the red ugly thing on!
The red ugly thing goes berserk!
You hit the howler monkey.
You kill the howler monkey!
Okawaru accepts your kill.
You hit the two-headed ogre. You block the red ugly thing's attack.
The moth of wrath goads the sun demon on!
The sun demon goes berserk!
The moth of wrath goads the yak on!
The yak goes berserk!
You hit the two-headed ogre.
The two-headed ogre is severely wounded.
You hit the red ugly thing. The red ugly thing closely misses you.
The wight hits you from afar with a +3 trident.
The two-headed ogre hits you with a +0 giant club!
The two-headed ogre closely misses you.
The moth of wrath goads the two-headed ogre on!
The two-headed ogre goes berserk!
You slash the two-headed ogre!
The two-headed ogre is almost dead.
You slash the red ugly thing!
The yak rages.
The red ugly thing tentacle-slaps you.
You are engulfed in flames.
You resist.
7136 ||| READING 3 scrolls of teleportation.
As you read the scroll of teleportation, it crumbles to dust.
You feel strangely unstable.
The two-headed ogre hits you with a +0 giant club!
The two-headed ogre hits you but does no damage.
The red ugly thing tentacle-slaps you but does no damage.
You hit the two-headed ogre.
The two-headed ogre is almost dead.
You hit the red ugly thing.
The red ugly thing tentacle-slaps you but does no damage.
The two-headed ogre hits you with a +0 giant club!
You die...

........#
........#
........#
........#
......Ky#
....gzuY#
....h3Ou#
#+##############@#
......8#.........#
.......#.........#
.......#)........#
.......'%........#
##################


You could see 2 ugly things, a two-headed ogre (berserk), a sun demon (summoned,
berserk), a moth of wrath shaped shifter, a kobold demonologist, a yak
(berserk), a gnoll sergeant, a howler monkey and a wight.

Vanquished Creatures
  2 centaur warriors (D:8)
  Grinder (D:4)
  A steam dragon (D:7)
  A water moccasin (D:8)
  An ogre (D:5)
  A centaur (D:7)
  A kobold brigand (D:8)
  4 bullfrogs
  A gnoll sergeant (D:5)
  3 scorpions
  9 wights
  3 howler monkeys
  A jelly (D:5)
  An orc priest (D:5)
  3 hounds
  Jessica (D:2)
  6 iguanas
  Natasha (thrice) (D:2)
  3 orc wizards
  Robin (D:2)
  3 gnolls (D:5)
  7 adders
  A shadow imp (D:5)
  2 worms (D:2)
  2 dart slugs
  21 orcs
  9 ball pythons
  3 bats
  8 endoplasms
  2 giant cockroaches
  13 goblins
  10 hobgoblins
  2 jackals (D:2)
  9 quokkas
  5 frilled lizards
  4 kobolds
  4 rats
152 creatures vanquished.

Vanquished Creatures (others)
  60 plants
  4 toadstools (D:1)
64 creatures vanquished.

Grand Total: 216 creatures vanquished

Notes
Turn   | Place    | Note
-------+----------+-------------------------------------------
     0 | D:1      | qw the Gargoyle Fighter began the quest for the Orb.
     0 | D:1      | Reached XP level 1. HP: 14/14 MP: 1/1
     0 | D:1      | 0 ||| qw: Version: 0.1-a-119-g272c26d
     0 | D:1      | 0 ||| qw: Game counter: 10814
     0 | D:1      | 0 ||| qw: Always use a shield: true
     0 | D:1      | 0 ||| qw: God list: Okawaru
     0 | D:1      | 0 ||| qw: Allow faded altars: false
     0 | D:1      | 0 ||| qw: Do Orc after D:15 true
     0 | D:1      | 0 ||| qw: Do second Lair branch before Depths: true
     0 | D:1      | 0 ||| qw: Lair rune preference: random
     0 | D:1      | 0 ||| qw: Plans: Normal, Zot, God:TSO, Crypt, Tomb, Pan,
                  | Slime, Hells, Zig, Abyss, Orb
     0 | D:1      | 0 ||| PLANNING D:1-11
    12 | D:1      | 12 ||| Stepping ~*~*~tactically~*~*~ (stealth).
    13 | D:1      | 13 ||| Stepping ~*~*~tactically~*~*~ (stealth).
    20 | D:1      | Reached skill level 2 in Axes
    44 | D:1      | Reached XP level 2. HP: 19/19 MP: 2/2
   586 | D:1      | 586 ||| READING 2 scrolls labelled HYCZAO PURUNIW.
   591 | D:1      | 591 ||| READING 4 scrolls labelled TEZUCVOLOM.
   592 | D:1      | 592 ||| READING scroll labelled USYEHI XIRUUH.
   593 | D:1      | 593 ||| READING scroll labelled LYEWEBRIAN.
   594 | D:1      | 594 ||| READING scroll labelled WEXYMP LEUTA.
   595 | D:1      | 595 ||| READING 3 scrolls of identify.
   595 | D:1      | 595 ||| IDENTIFYING coppery potion
   596 | D:1      | 596 ||| READING 2 scrolls of identify.
   596 | D:1      | 596 ||| IDENTIFYING ruby potion
   597 | D:1      | 597 ||| DROPPING potion of brilliance.
   635 | D:2      | 635 ||| Stepping ~*~*~tactically~*~*~ (stealth).
   649 | D:2      | Noticed Jessica
   658 | D:2      | Reached skill level 3 in Axes
   660 | D:2      | Reached XP level 3. HP: 17/23 MP: 3/3
   737 | D:2      | Found a sacrificial altar of Ru.
   738 | D:2      | 738 ||| DROPPING +0 club.
   769 | D:2      | 769 ||| Stepping ~*~*~tactically~*~*~ (hiding).
   779 | D:2      | Killed Jessica
   780 | D:2      | Reached skill level 1 in Throwing
  1040 | D:2      | Noticed Natasha
  1053 | D:2      | HP: 5/23 [Natasha (4)]
  1054 | D:2      | 1054 ||| READING scroll of teleportation.
  1296 | D:2      | 1296 ||| Stepping ~*~*~tactically~*~*~ (stealth).
  1300 | D:2      | Reached XP level 4. HP: 28/28 MP: 4/4
  1305 | D:2      | 1305 ||| Stepping ~*~*~tactically~*~*~ (stealth).
  1309 | D:2      | 1309 ||| Stepping ~*~*~tactically~*~*~ (stealth).
  1310 | D:2      | 1310 ||| Stepping ~*~*~tactically~*~*~ (stealth).
  1311 | D:2      | Noticed Robin
  1325 | D:2      | Killed Robin
  1643 | D:2      | Killed Natasha
  1644 | D:2      | Reached skill level 4 in Axes
  1820 | D:2      | Noticed Natasha
  1822 | D:2      | 1822 ||| Stepping ~*~*~tactically~*~*~ (hiding).
  1832 | D:2      | Killed Natasha
  1833 | D:2      | Reached XP level 5. HP: 22/32 MP: 5/5
  2205 | D:2      | Found a faded altar of an unknown god.
  2246 | D:2      | Noticed Natasha
  2251 | D:2      | Killed Natasha
  2369 | D:2      | 2369 ||| UPGRADING to +0 helmet.
  2374 | D:2      | 2374 ||| DROPPING +6 ring of intelligence.
  2375 | D:2      | 2375 ||| READING scroll labelled GIYZUE RAOQIW.
  2452 | D:3      | Found an opulent altar of Gozag.
  2453 | D:3      | 2453 ||| Stepping ~*~*~tactically~*~*~ (stealth).
  2454 | D:3      | 2454 ||| Stepping ~*~*~tactically~*~*~ (stealth).
  2547 | D:3      | Found a sacrificial altar of Ru.
  2550 | D:3      | 2550 ||| Stepping ~*~*~tactically~*~*~ (stealth).
  2651 | D:3      | Found a white marble altar of Elyvilon.
  2863 | D:3      | Reached skill level 5 in Axes
  2863 | D:3      | Reached XP level 6. HP: 36/37 MP: 6/6
  3065 | D:3      | 3065 ||| READING scroll labelled ENLU UHATER.
  3066 | D:3      | 3066 ||| DRINKING 3 dark potions.
  3067 | D:3      | 3067 ||| DRINKING 2 viscous puce potions.
  3067 | D:3      | Gained mutation: You are weak. (Str -2) [potion of
                  | mutation]
  3067 | D:3      | Gained mutation: Your large and strong wings let you fly.
                  | [potion of mutation]
  3067 | D:3      | Gained mutation: Your flesh is cold resistant. (rC+)
                  | [potion of mutation]
  3067 | D:3      | Gained mutation: Your flesh is heat resistant. (rF+)
                  | [potion of mutation]
  3135 | D:3      | 3135 ||| DRINKING 2 purple potions.
  3136 | D:3      | 3136 ||| DRINKING 3 puce potions.
  3137 | D:3      | 3137 ||| READING 2 scrolls of identify.
  3137 | D:3      | 3137 ||| IDENTIFYING inky potion
  3138 | D:3      | 3138 ||| DROPPING potion of flight.
  3193 | D:4      | 3193 ||| Stepping ~*~*~tactically~*~*~ (stealth).
  3216 | D:4      | Found a glowing golden altar of the Shining One.
  3311 | D:4      | Reached skill level 1 in Dodging
  3348 | D:4      | Found a stormy altar of Qazlal.
  3418 | D:4      | 3418 ||| Stepping ~*~*~tactically~*~*~ (stealth).
  3423 | D:4      | 3423 ||| Stepping ~*~*~tactically~*~*~ (stealth).
  3447 | D:4      | 3447 ||| Stepping ~*~*~tactically~*~*~ (stealth).
  3648 | D:4      | 3648 ||| DROPPING +0 mace.
  3665 | D:4      | Found a staircase to the Ecumenical Temple.
  3666 | D:4      | 3666 ||| PLANNING TEMPLE
  3666 | D:4      | 3666 ||| UPGRADING to +0 chain mail.
  3676 | D:4      | 3676 ||| DROPPING +0 scale mail.
  3677 | D:4      | 3677 ||| READING 3 scrolls of identify.
  3677 | D:4      | 3677 ||| IDENTIFYING sapphire potion
  3678 | D:4      | 3678 ||| READING 2 scrolls of identify.
  3678 | D:4      | 3678 ||| IDENTIFYING bubbling black potion
  3679 | D:4      | 3679 ||| DROPPING potion of invisibility.
  3680 | D:4      | 3680 ||| DROPPING potion of magic.
  3690 | Temple   | Entered the Ecumenical Temple
  3830 | Temple   | 3830 ||| PLANNING D:1-11
  3849 | Temple   | Became a worshipper of Warmaster Okawaru
  3903 | D:4      | Noticed Grinder
  3916 | D:4      | Reached XP level 7. HP: 43/43 MP: 7/7
  3926 | D:4      | Killed Grinder
  3927 | D:4      | Reached skill level 6 in Axes
  4113 | D:4      | Found an ornate altar of the Wu Jian Council.
  4158 | D:4      | Identified the +7 sling of the Iron City of Dis {flame,
                  | Will- Int+7 SInv Stlth+}
  4212 | D:5      | Entered Level 5 of the Dungeon
  4454 | D:5      | 4454 ||| Stepping ~*~*~tactically~*~*~ (stealth).
  4455 | D:5      | 4455 ||| Stepping ~*~*~tactically~*~*~ (stealth).
  4456 | D:5      | 4456 ||| Stepping ~*~*~tactically~*~*~ (stealth).
  4458 | D:5      | Reached skill level 7 in Axes
  4496 | D:5      | Reached * piety under Okawaru
  4722 | D:5      | 4722 ||| Stepping ~*~*~tactically~*~*~ (stealth).
  4725 | D:5      | 4725 ||| INVOKING Heroism.
  4729 | D:5      | Reached skill level 1 in Invocations
  4729 | D:5      | Reached XP level 8. HP: 48/48 MP: 5/9
  4766 | D:5      | Identified the +1 helmet "Baitz" {Harm +Blink Int+4 Dex+2}
  4768 | D:5      | You are sucked into a shaft and drop 1 floor!
  4854 | D:6      | Found a shimmering blue altar of Sif Muna.
  4887 | D:6      | 4887 ||| UPGRADING to amulet of regeneration.
  4892 | D:6      | 4892 ||| DROPPING amulet of magic regeneration.
  4893 | D:6      | 4893 ||| READING scroll labelled WYXUOFYZUE.
  5198 | D:5      | 5198 ||| INVOKING Heroism.
  5217 | D:5      | 5217 ||| INVOKING Heroism.
  5296 | D:5      | 5296 ||| Stepping ~*~*~tactically~*~*~ (hiding).
  5299 | D:5      | 5299 ||| INVOKING Heroism.
  5325 | D:5      | 5325 ||| Stepping ~*~*~tactically~*~*~ (stealth).
  5327 | D:5      | 5327 ||| Stepping ~*~*~tactically~*~*~ (stealth).
  5376 | D:5      | Reached skill level 3 in Invocations
  5443 | D:5      | 5443 ||| READING 2 scrolls of identify.
  5443 | D:5      | 5443 ||| IDENTIFYING sedimented blue potion
  5506 | D:6      | Found a hazy altar of Hepliaklqana.
  5627 | D:6      | 5627 ||| Stepping ~*~*~tactically~*~*~ (hiding).
  5648 | D:6      | 5648 ||| Stepping ~*~*~tactically~*~*~ (stealth).
  5649 | D:6      | 5649 ||| Stepping ~*~*~tactically~*~*~ (stealth).
  5655 | D:6      | 5655 ||| INVOKING Heroism.
  5831 | D:6      | Found a shimmering altar of Xom.
  5835 | D:6      | Found an ancient bone altar of Kikubaaqudgha.
  5838 | D:6      | Found a broken altar of Ashenzari.
  5840 | D:6      | Found a blossoming altar of Fedhas.
  6090 | D:6      | 6090 ||| READING 2 scrolls of identify.
  6090 | D:6      | 6090 ||| IDENTIFYING fuming clear potion
  6091 | D:6      | 6091 ||| DROPPING potion of berserk rage.
  6105 | D:7      | 6105 ||| INVOKING Heroism.
  6138 | D:7      | Reached skill level 8 in Axes
  6155 | D:7      | 6155 ||| INVOKING Heroism.
  6159 | D:7      | Reached skill level 6 in Fighting
  6159 | D:7      | Reached XP level 9. HP: 41/55 MP: 9/12
  6185 | D:7      | Reached ** piety under Okawaru
  6210 | D:7      | Identified the +2 robe of Fujuss {*Corrode rPois Will++}
  6265 | D:7      | 6265 ||| Stepping ~*~*~tactically~*~*~ (hiding).
  6267 | D:7      | 6267 ||| INVOKING Heroism.
  6827 | D:7      | 6827 ||| UPGRADING to +0 plate armour.
  6837 | D:7      | 6837 ||| DROPPING +0 chain mail.
  6838 | D:7      | 6838 ||| UPGRADING to ring of willpower.
  6839 | D:7      | 6839 ||| READING scroll labelled XAEHOBRIOCW.
  6840 | D:7      | 6840 ||| READING 2 scrolls of identify.
  6840 | D:7      | 6840 ||| IDENTIFYING blue potion
  6980 | D:8      | Noticed a boulder beetle
  6981 | D:8      | 6981 ||| INVOKING Heroism.
  7005 | D:8      | 7005 ||| INVOKING Heroism.
  7016 | D:8      | HP: 12/55 [boulder beetle (20)]
  7017 | D:8      | 7017 ||| READING 4 scrolls of teleportation.
  7017 | D:8      | HP: 4/55 [boulder beetle (9)]
  7018 | D:8      | 7018 ||| DRINKING 2 potions of heal wounds.
  7019 | D:8      | 7019 ||| DRINKING potion of heal wounds.
  7066 | D:8      | 7066 ||| Stepping ~*~*~tactically~*~*~ (stealth).
  7067 | D:8      | Noticed a centaur warrior
  7067 | D:8      | Noticed a centaur warrior
  7068 | D:8      | 7068 ||| INVOKING Heroism.
  7075 | D:8      | Killed a centaur warrior
  7091 | D:8      | Killed a centaur warrior
  7091 | D:8      | Reached *** piety under Okawaru
  7092 | D:8      | Reached skill level 9 in Axes
  7092 | D:8      | Reached XP level 10. HP: 45/60 MP: 13/13
  7117 | D:8      | 7117 ||| INVOKING Heroism.
  7118 | D:8      | Noticed a kobold demonologist
  7118 | D:8      | Noticed a red ugly thing
  7118 | D:8      | Noticed a two-headed ogre
  7118 | D:8      | Noticed a cyan ugly thing
  7127 | D:8      | Noticed a sun demon
  7129 | D:8      | Noticed a moth of wrath
  7129 | D:8      | a culicivora changed into a moth of wrath
  7135 | D:8      | HP: 14/60 [red ugly thing (5)]
  7136 | D:8      | 7136 ||| READING 3 scrolls of teleportation.
  7136 | D:8      | HP: 2/60 [two-headed ogre/+0 giant club (7)]
  7137 | D:8      | Demolished by a two-headed ogre

Levels and vault maps discovered:
D:1:      ldierk_water_garden, layout_loops_ring, serial_bayou_pond_c
D:2:      wad_woods_stonehenge, layout_basic,
          hellmonk_ecumenical_altar_slurped_away, uniq_natasha, uniq_jessica,
          uniq_robin
D:3:      layout_rooms, nicolae_gozag_seed_capital,
          nicolae_elyvilon_temple_path, nicolae_ru_great_annihilating_truth,
          supply_closet_lemuel, minmay_misc_feat_ornament
D:4:      layout_rooms, overflow_temple_1_default,
          nicolae_wu_jian_immortal_techniques, tso_oasis_becter, temple_doors_e,
          uniq_grinder
D:5:      layout_gridville, serial_glass, glass_columns_b, glass_columns_b,
          saegor_snake_ambush
D:6:      layout_basic, minitemple, marbit_many_paths,
          mainiacjoe_overflow_alcove_2
D:7:      layout_basic
D:8:      minmay_klotski, layout_basic
Temple:   hellmonk_temple_flake

Skill      XL: |  1  2  3  4  5  6  7  8  9 10 |
---------------+-------------------------------+-----
Axes           | 2 3 4 5 7 8 9 |  9.9
Throwing       | 1 2 |  2.1
Fighting       | 4 6 |  6.1
Dodging        | 1 |  1.3
Invocations    | 1 4 |  4.0
Armour         | 7 |  7.0
Shields        | 4 |  4.3

Action                   |  1- 3 |  4- 6 |  7- 9 | 10-12 || total
-------------------------+-------+-------+-------+-------++-------
Melee: War axe           |    54 |   159 |   229 |    20 ||   462
Throw: Javelin           |    21 |    35 |    19 |       ||    75
       Boomerang         |       |       |    27 |       ||    27
Invok: Heroism           |       |       |    11 |     1 ||    12
  Use: Scroll            |     8 |     5 |     6 |     1 ||    20
       Potion            |       |     4 |     2 |       ||     6
Armor: Scale mail        |    26 |    81 |       |       ||   107
       Chain mail        |       |     8 |    95 |       ||   103
       Plate armour      |       |       |    42 |    12 ||    54
Dodge: Dodged            |    22 |    72 |    75 |     8 ||   177
Block: Buckler           |     2 |    29 |    44 |     7 ||    82

Table legend:
 A = Non-vault XP
 B = Vault XP
 C = Vault XP percentage of total XP
 D = Non-vault monster count
 E = Vault monster count
 F = Vault count percentage of total count
                 A         B        C        D         E       F
            +---------+---------+-------+---------+---------+-------
      Total |    2600 |    2568 |  49.7 |     115 |      37 |  24.3
            +---------+---------+-------+---------+---------+-------
        D:1 |      19 |       0 |   0.0 |      11 |       0 |   0.0
        D:2 |     105 |     119 |  53.1 |      17 |      21 |  55.3
        D:3 |      43 |      41 |  48.8 |      13 |       4 |  23.5
        D:4 |     393 |     258 |  39.6 |      27 |       1 |   3.6
        D:5 |     518 |      18 |   3.4 |      22 |       3 |  12.0
        D:6 |     450 |      37 |   7.6 |       8 |       1 |  11.1
        D:7 |     976 |       0 |   0.0 |      16 |       0 |   0.0
        D:8 |      96 |    2095 |  95.6 |       1 |       7 |  87.5
            +---------+---------+-------+---------+---------+-------
